 Dungeon Crawl Stone Soup version 0.17-a0-1655-g88a8506 (webtiles) character file.

43 tesudzi the Skirmisher (level 3, -2/30 HPs)
             Began as a Formicid Berserker on Aug 15, 2015.
             Was a Believer of Trog.
             Slain by Terence
             ... wielding a +0 mace
              (5 damage)
             ... on level 1 of the Dungeon.
             The game lasted 00:04:26 (2034 turns).

tesudzi the Skirmisher (Formicid Berserker)         Turns: 2034, Time: 00:04:27

Health: -2/30      AC:  2    Str: 22    XL:     3   Next: 82%
Magic:  3/3        EV: 12    Int:  6    God:    Trog [**....]
Gold:   73         SH:  0    Dex: 10    Spells: 0 memorised, 2 levels left

rFire  . . .     SeeInvis +     a - +0 mace
rCold  . . .     Clarity  .     b - +0 animal skin
rNeg   . . .     SustAt   .     (no shield)
rPois  .         Gourm    .     (helmet unavailable)
rElec  .         Spirit   .     (no cloak)
rCorr  .         Warding  .     (no gloves)
rMut   .         Stasis   +     (no boots)
MR     .....                    (no amulet)
Stlth  ..........               (no ring)
                                e - ring of loudness (curse)

@: not resistant to hostile enchantments, extremely unstealthy
A: permanent stasis, dig shafts and tunnels, four strong arms, antennae 3
a: Dig, Shaft Self, Burn Spellbooks, Trog's Hand, Renounce Religion


You were on level 1 of the Dungeon.
You worshipped Trog.
Trog was pleased with you.
You were not hungry.

You visited 1 branch of the dungeon, and saw 2 of its levels.

You collected 73 gold pieces.

Inventory:

Hand weapons
 a - a +0 mace (weapon)
Armour
 b - a +0 animal skin (worn)
Jewellery
 e - a cursed ring of loudness (left hand)
Scrolls
 d - a scroll of fog {unknown}
 h - a scroll of magic mapping {unknown}
 m - a scroll of amnesia {unknown}
 n - a scroll of recharging {unknown}
 o - a scroll of teleportation {unknown}
 r - a scroll of enchant armour {unknown}
Potions
 f - 2 potions of heal wounds {unknown}
 g - a potion of haste {unknown}
 j - 2 potions of curing {unknown}
 k - 2 potions of cure mutation {unknown}
 p - a potion of degeneration {unknown}
 s - a potion of flight {unknown}
Comestibles
 c - a bread ration
 i - a beef jerky
 l - 3 fruits
 q - a chunk of flesh


   Skills:
 + Level 4.0 Fighting
 + Level 3.5 Maces & Flails
 + Level 2.1 Armour
 + Level 2.4 Dodging


You had 2 spell levels left.
You didn't know any spells.

Dungeon Overview and Level Annotations

Branches:
Dungeon (2/15)

Altars:

Annotations:
D:1 Terence


Innate Abilities, Weirdness & Mutations

You are under a permanent stasis effect.
You can dig through walls and to a lower floor.
Your four strong arms can wield two-handed weapons with a shield.
You have a pair of large antennae on your head (SInv).


Message History

The giant cockroach waves its antennae.
The giant cockroach bites you.
You barely miss the giant cockroach.
The giant cockroach completely misses you.
Terence barely misses you.
You hit the giant cockroach but do no damage.
The giant cockroach bites you but does no damage.
Terence hits you with a mace!
* * * LOW HITPOINT WARNING * * *
The giant cockroach bites you but does no damage.
You hit the giant cockroach.
You kill the giant cockroach!
Trog accepts your kill. Terence hits you with a mace.
* * * LOW HITPOINT WARNING * * *
You see here a giant cockroach corpse.
Use which ability? (? or * to list) Are you sure you want to shaft yourself?
You feel quite a bit more hungry. Terence hits you with a mace.
You die...

## ########### .######
#.........# ......##
#.........# #......#
#.........#
.......######...#.##.######
..............#...##.#....#
.......###.......###.#....#
.......# #.####@.###.#....#
....######.###..@..÷.)....#
...................#.#....#
.....######.#......#.#....#
...#..###...#......#.#....#
......##..###......#.#....#
..........# #......#.#....#
#############....÷.#.#....#
)...........≈#.....#.##.###
.............#.....#.##.#


You could see Terence.

Vanquished Creatures
  A worm (D:2)
  A ball python (D:1)
  8 hobgoblins
  2 jackals (D:1)
  2 kobolds
  A quokka (D:2)
  4 bats
  3 giant cockroaches
  A giant gecko (D:1)
  5 giant newts
  5 goblins (D:1)
  6 rats
39 creatures vanquished.

Notes
Turn   | Place    | Note
--------------------------------------------------------------
     0 | D:1      | tesudzi the Formicid Berserker began the quest for the Orb.
     0 | D:1      | Reached XP level 1. HP: 18/18 MP: 1/1
   295 | D:1      | Reached XP level 2. HP: 2/24 MP: 2/2
   761 | D:1      | Reached XP level 3. HP: 16/29 MP: 3/3
   908 | D:1      | Acquired Trog's second power
  1443 | D:2      | Reached skill level 4 in Fighting
  1995 | D:2      | Noticed Terence
  2034 | D:1      | Slain by Terence

Vault maps used:
D:1:      enne_arrival_octagon_isle
D:2:      first_bread, uniq_terence

Action                   || total
-------------------------++-------
Melee: Mace              ||   127
 Abil: Dig               ||     2
       Shaft Self        ||     1
  Eat: Chunk             ||     2
       Meat ration       ||     1
